 Dungeon Crawl Stone Soup version 0.30.1-1-g62c8e00024 (webtiles) character file.

Game seed: 13112544937085136449

191 spardeous the Insei (level 5, 0/41 HPs)
             Began as a Demigod Transmuter on July 18, 2023.
             Succumbed to an adder's poison
             ... on level 4 of the Dungeon.
             The game lasted 00:06:08 (3318 turns).

spardeous the Insei (Demigod Transmuter)            Turns: 3318, Time: 00:06:08

Health: 0/41       AC:  3    Str:  9 (11) XL:     5   Next: 18%
Magic:  9/10       EV: 12    Int: 18 (19) God:
Gold:   175        SH:  0    Dex: 11 (14) Spells: 4/7 levels left

rFire   . .          .
                       - Unarmed
rCold   . . .        (no shield)
rNeg    . . .        a - +0 robe
rPois   .            (helmet currently unavailable)
rElec   .            (no cloak)
rCorr   .            t - +0 pair of gloves
SInv    .            (boots currently unavailable)
Will    .....        (no amulet)
Stlth   +            (no ring)
HPRegen 0.26/turn    (no ring)
MPRegen 0.12/turn

%: no passive effects
@: brilliant, lethally poisoned (0 -> -4), appendages, flying, hasted, very
quick
A: horns 2, talons 2, high MP 1, forlorn, divine attributes
a: End Transformation


You were on level 4 of the Dungeon.
You had temporarily grown beastly horns and talons.
You visited 1 branch of the dungeon, and saw 4 of its levels.

You collected 175 gold pieces.

Inventory:

Armour
 a - a +0 robe (worn)
 j - a +0 ring mail
 q - a +0 leather armour
 t - a +0 pair of gloves (worn)
Jewellery
 l - a ring of fire
Wands
 n - a wand of light (2)
 r - a wand of mindburst (8)
Scrolls
 b - a scroll of fear
 c - 2 scrolls of vulnerability
 d - a scroll of immolation
 f - a scroll of amnesia
 i - 3 scrolls of teleportation
 k - a scroll of fog
 s - a scroll of poison {unknown}
Potions
 g - a potion of flight
 o - a potion of haste
 p - a potion of invisibility {unknown}


   Skills:
 + Level 1.7 Fighting
 - Level 2.8 Dodging
 + Level 3.9 Unarmed Combat
 - Level 1.7 Spellcasting
 + Level 3.3 Transmutations


You had 4 spell levels left.
You knew the following spells:

 Your Spells              Type           Power      Damage    Failure   Level
a - Beastly Appendage     Tmut           40%        N/A       4%          1
b - Wereblood             Tmut           20%        N/A       7%          2

Your spell library contained the following spells:

 Spells                   Type           Power      Damage    Failure   Level
 Freeze                   Ice            8%         1d3       19%         1
 Spider Form              Tmut/Pois      11%        N/A       28%         3
 Frozen Ramparts          Ice            4%         1d1       50%         3
 Hailstorm                Conj/Ice       2%         3d3       50%         3
 Ice Form                 Ice/Tmut       11%        N/A       67%         4
 Summon Lightning Spire   Summ/Air       2%         N/A       88%         4
 Storm Form               Tmut/Air       5%         N/A       100%        7
 Maxwell's Capacitive Co  Air            1%         ∞         100%        8


Dungeon Overview and Level Annotations

Branches:
Dungeon (4/15)
 Temple: D:4-7

Shops:
D:2 =

Annotations:
D:2 1 runed translucent door, Crazy Yiuf


Innate Abilities, Weirdness & Mutations

You have temporarily grown beastly horns and talons.
You have an increased reservoir of magic. (+10% MP)
You shall have no god before yourself.
Your divine heritage dramatically boosts your attributes as you level up.


Message History

You hit the adder.
The adder is heavily wounded.
The adder bites you.
You are poisoned.
The adder poisons you!
You miss the adder. You claw the adder. Your headbutt misses the adder.
The adder is almost dead.
You feel sick. The adder bites you.
You are more poisoned.
The adder poisons you! The adder bites you.
* * * LOW HITPOINT WARNING * * *
You are lethally poisoned!
The adder poisons you!
You miss the adder. You claw the adder.
You kill the adder!
* * * LOW HITPOINT WARNING * * *
You feel very sick.
* * * LOW HITPOINT WARNING * * *
You feel very sick.
You hear the slow rusting of a very distant drain.
* * * LOW HITPOINT WARNING * * *
You feel very sick.
Okay, then.
Unknown command.
It was a potion of flight.
You feel very buoyant.
You fly up into the air.
* * * LOW HITPOINT WARNING * * *
You feel sick.
It was a potion of haste.
You feel yourself speed up.
* * * LOW HITPOINT WARNING * * *
You feel sick.
It was a potion of degeneration.
There was something very wrong with that liquid.
You feel weakened.
You feel dopey.
You feel clumsy.
* * * LOW HITPOINT WARNING * * *
You feel sick.
It was a potion of brilliance.
You feel clever all of a sudden.
You die...

##. #.#.##<#.# ...
#.#....#.# #.
...#.######.# # #.
#.#....)...# #. #.#
#....######### ..##.#
###........... S...
#....#.######
#.####.#.##..#
#.....@..###.#
#..###........#
####.##.............#
..................#.#
####.####.........#..
# ####+######..# ...


There were no monsters in sight!

Vanquished Creatures
  2 iguanas
  5 adders
  2 worms (D:2)
  5 dart slugs
  8 ball pythons
  5 endoplasms
  5 giant cockroaches
  6 goblins
  12 hobgoblins
  2 jackals (D:1)
  2 quokkas
  4 bats
  7 frilled lizards
  6 kobolds
  8 rats
79 creatures vanquished.

Notes
Turn   | Place    | Note
-------+----------+-------------------------------------------
     0 | D:1      | spardeous the Demigod Transmuter began the quest for the
                  | Orb.
     0 | D:1      | Reached XP level 1. HP: 15/15 MP: 5/5
    52 | D:1      | Reached XP level 2. HP: 5/22 MP: 7/7
   516 | D:1      | Reached XP level 3. HP: 16/27 MP: 6/8
  1102 | D:2      | Learned a level 2 spell: Wereblood
  1542 | D:2      | Reached XP level 4. HP: 34/34 MP: 5/9
  1782 | D:2      | Found Hixir's Jewellery Boutique.
  2037 | D:2      | Found a runed translucent door.
  2038 | D:2      | Noticed Crazy Yiuf
  2539 | D:3      | Reached skill level 1 in Fighting
  3252 | D:4      | HP: 1/35 [iguana (6)]
  3256 | D:4      | Reached XP level 5. HP: 3/40 MP: 7/10
  3315 | D:4      | HP: 2/41 [poisoned by an adder]
  3318 | D:4      | Succumbed to an adder's poison

Illustrated notes

Levels and vault maps discovered:
D:1:      eino_arrival_tree_alley, layout_basic, st_stairs_11, chequers_jeans,
          minmay_hexomino_c4
D:2:      layout_rooms, serial_aquarium, aquarium_bridge_island_large
          [aquarium_subvault_large_water, aquarium_subvault_wall,
          aquarium_subvault_wall, aquarium_subvault_bridge,
          aquarium_subvault_balcony], aquarium_window_2, aquarium_window_fake,
          aquarium_window_fake, aquarium_window_corridor_3, aquarium_view_2d,
          aquarium_balcony_3a, aquarium_pool_four,
          dreamdust_ecumenical_altar_grove, serial_shops,
          nicolae_shop_tiny_waterfront, uniq_crazy_yiuf_cottage
D:3:      layout_basic, mainiacjoe_overflow_alcove_1
D:4:      layout_basic, old_standard_altar, cheibrodos_sewer_entry_bend

Skill      XL: |  1  2  3  4 |
---------------+-------------+-----
Dodging        | 2 |  2.8
Transmutations | 2 3 |  3.3
Unarmed Combat | 3 |  3.9
Fighting       | 1 |  1.7
Spellcasting   | |  1.7

Action                     |  1- 3 |  4- 6 || total
---------------------------+-------+-------++-------
  Melee: Unarmed           |   142 |    82 ||   224
         Headbutt          |    21 |    12 ||    33
         Kick              |    26 |    21 ||    47
         Punch             |     2 |     2 ||     4
   Cast: Beastly Appendage |    28 |    20 ||    48
         Wereblood         |     5 |    11 ||    16
    Use: Potion            |     1 |     4 ||     5
         Scroll            |       |     6 ||     6
 Armour: Robe              |    31 |     9 ||    40
         Skin              |     6 |       ||     6
  Dodge: Dodged            |    92 |    46 ||   138
